 Dungeon Crawl Stone Soup version 0.30-a0-743-gbfdf073431 (webtiles) character file.

Game seed: 4167173507756982537

211 Aneyh the Poker (level 5, -1/32 HPs)
             Began as a Tengu Monk on Feb 7, 2023.
             Killed by divine providence
             ... invoked by an orc priest
              (11 damage)
             ... on level 4 of the Dungeon.
             The game lasted 00:06:37 (2316 turns).

Aneyh the Poker (Tengu Monk)                        Turns: 2316, Time: 00:06:37

Health: -1/32      AC:  3    Str: 13    XL:     5   Next: 88%
Magic:  6/6        EV: 15    Int: 10    God:
Gold:   210        SH:  0    Dex: 17    Spells: 4/4 levels left

rFire   . . .      SeeInvis .    a - +0 spear
rCold   . . .      Faith    .    (no shield)
rNeg    . . .      Spirit   .    n - +0 leather armour
rPois   +          Reflect  .    (helmet restricted)
rElec   .          Harm     .    (no cloak)
rCorr   .          Rampage  .    (no gloves)
Will    .....                    (boots unavailable)
Stlth   ++                       (no amulet)
HPRegen 0.25/turn                f - ring of poison resistance
MPRegen 0.10/turn                t - ring of wizardry

@: flying quickly and evasively, quick
A: beak, talons 3, nimble flight
a: no special abilities


You were on level 4 of the Dungeon.
You visited 1 branch of the dungeon, and saw 4 of its levels.

You collected 210 gold pieces.

Inventory:

Hand Weapons
 a - a +0 spear (weapon)
Armour
 b - a +0 robe
 n - a +0 leather armour (worn)
Jewellery
 f - a ring of poison resistance (left hand)
 t - a ring of wizardry (right hand)
Scrolls
 d - a scroll of vulnerability {unknown}
 g - a scroll of magic mapping {unknown}
 i - 3 scrolls of fear {unknown}
 j - 3 scrolls of immolation {unknown}
 l - 2 scrolls of identify {unknown}
 o - 2 scrolls of teleportation {unknown}
 p - a scroll of enchant weapon {unknown}
 w - a scroll of torment {unknown}
Potions
 c - a potion of ambrosia
 e - 3 potions of flight {unknown}
 h - 3 potions of might {unknown}
 k - 2 potions of lignification {unknown}
 m - a potion of curing {unknown}
 q - a potion of mutation {unknown}
 r - a potion of magic {unknown}
 s - a potion of invisibility {unknown}
 u - a potion of degeneration {unknown}
 v - a potion of berserk rage {unknown}


   Skills:
 - Level 3.0 Fighting
 + Level 7.0 Polearms
 - Level 3.2 Dodging
 - Level 2.0 Stealth


You had 4 spell levels left.
You didn't know any spells.
Your spell library contained the following spells:

 Spells                   Type           Power      Damage    Failure   Level
 Yara's Violent Unravell  Hex/Tmut       0%         3d3       99%         5
 Enfeeble                 Hex            0%         N/A       100%        7


Dungeon Overview and Level Annotations

Branches:
Dungeon (4/15)
 Temple: D:4-7

Altars:


Innate Abilities, Weirdness & Mutations

You have a beak for a mouth.
You have claws for feet.
Your magical nature lets you fly swiftly and evasively.


Message History

The orc priest is heavily wounded.
The orc priest looks braver for a moment.
You hit the orc priest but do no damage.
Your peck misses the orc priest.
The orc priest is heavily wounded.
The orc priest barely misses you.
You hit the orc priest but do no damage.
You peck the orc priest, but do no damage.
The orc priest is heavily wounded.
The orc priest closely misses you.
You closely miss the orc priest. You claw the orc priest.
You peck the orc priest, but do no damage.
The orc priest is heavily wounded.
You barely miss the orc priest. You claw the orc priest.
You peck the orc priest, but do no damage.
The orc priest is severely wounded.
The orc priest hits you with a +0 dagger.
You barely miss the orc priest.
You claw the orc priest, but do no damage.
The orc priest is severely wounded.
You barely miss the orc. You peck the orc, but do no damage.
You hit the orc but do no damage. Your peck misses the orc.
You hit the orc but do no damage. The orc misses you.
The orc priest looks satisfied for a moment.
You hit the orc. You claw the orc.
You kill the orc!
You hit the orc priest but do no damage.
You claw the orc priest.
You kill the orc priest!
Your Polearms skill increases to level 7!
The orc priest hits you with a +0 short sword.
Items here: )) [ †.
You hit the orc priest but do no damage.
You claw the orc priest, but do no damage.
The orc priest hits you but does no damage.
You hit the orc priest. You claw the orc priest.
The orc priest is lightly wounded.
The orc priest invokes the aid of Beogh against you.
Beogh smites you!
You die...

#. ....## #.#'#.....
###..)...<. ........#
#.##. #.....+ #...
#.....#### #..# #........#
#..####.....##.#
#####.....@o........
#######.....#####.....##.#
..........†.....)........#
.######...................
.# #.....############## .#
###.#.#<.......).# .#
####.#.#.....####.# .#
#....#....#.......# .#
#.####....+.......#


You could see an orc priest.

Vanquished Creatures
  A scorpion (D:4)
  An orc priest (D:4)
  An iguana (D:4)
  4 adders
  2 worms
  3 dart slugs
  3 orcs
  7 ball pythons
  5 endoplasms
  3 giant cockroaches
  4 goblins
  4 hobgoblins
  A quokka (D:1)
  A bat (D:1)
  2 frilled lizards
  5 kobolds
  4 rats
51 creatures vanquished.

Notes
Turn   | Place    | Note
-------+----------+-------------------------------------------
     0 | D:1      | Aneyh the Tengu Monk began the quest for the Orb.
     0 | D:1      | Reached XP level 1. HP: 14/14 MP: 2/2
   269 | D:1      | Reached XP level 2. HP: 19/19 MP: 3/3
   614 | D:1      | Reached skill level 4 in Polearms
   926 | D:2      | Reached XP level 3. HP: 20/23 MP: 4/4
  1409 | D:3      | Reached skill level 5 in Polearms
  1509 | D:3      | Reached XP level 4. HP: 25/28 MP: 5/5
  2016 | D:4      | Noticed a scorpion
  2034 | D:4      | Killed a scorpion
  2035 | D:4      | Reached skill level 6 in Polearms
  2035 | D:4      | Gained mutation: Your magical nature lets you fly swiftly
                  | and evasively. [Tengu growth]
  2035 | D:4      | Reached XP level 5. HP: 14/32 MP: 6/6
  2314 | D:4      | Reached skill level 7 in Polearms
  2316 | D:4      | Killed from afar by an orc priest

Illustrated notes

Levels and vault maps discovered:
D:1:      shiori_arrival_maze, layout_basic, minmay_misc_feat_square,
          minmay_misc_feat_x
D:2:      layout_basic, nicolae_eternal_life
D:3:      layout_basic, minmay_misc_feat_iff
D:4:      layout_basic

Skill      XL: |  1  2  3  4  5 |
---------------+----------------+-----
Polearms       | 4 5 6 7 |  7.0
Fighting       | |  3.0
Dodging        | |  3.2
Stealth        | |  2.0

Action                     |  1- 3 |  4- 6 || total
---------------------------+-------+-------++-------
  Melee: Spear             |    93 |    64 ||   157
         Kick              |    22 |    24 ||    46
         Peck              |     8 |    11 ||    19
         Punch             |       |     1 ||     1
   Stab: Sleeping          |     6 |     3 ||     9
         Distracted        |       |     1 ||     1
 Armour: Robe              |     5 |       ||     5
         Leather armour    |     2 |     2 ||     4
  Dodge: Dodged            |    32 |    16 ||    48

Table legend: (Time is in decaauts)
 A = Elapsed time spent in this place.
 B = Non-inter-level travel time spent in this place.
 C = Inter-level travel time spent in this place.
 D = Time resting spent in this place.
 E = Time spent auto-exploring this place.
 F = Levels seen in this place.
 G = Mean time per level.
                   A        B        C        D        E       F      G
               +--------+--------+--------+--------+--------+-----+--------+
         Total |   2279 |   2127 |    152 |    108 |   1597 |   4 |  569.8 |
       Dungeon |   2279 |   2127 |    152 |    108 |   1597 |   4 |  569.8 |
               +--------+--------+--------+--------+--------+-----+--------+

Top non-repeatable levels by time:
     D:1: 802 daAuts
     D:3: 599 daAuts
     D:2: 556 daAuts
     D:4: 320 daAuts
